 Dungeon Crawl Stone Soup version 0.30-a0-870-gc5d4c5acee (webtiles) character file.

Game seed: 1300379436099502846

2499 cforsyth the Covered (level 9, -3/74 HPs)
             Began as a Barachi Fighter on Mar 12, 2023.
             Was a Believer of Cheibriados.
             Slain by a killer bee (6 damage)
             ... on level 7 of the Dungeon.
             The game lasted 00:12:56 (7481 turns).

cforsyth the Covered (Barachi Fighter)              Turns: 7481, Time: 00:12:57

Health: -3/74      AC: 11    Str: 22    XL:     9   Next: 53%
Magic:  9/9        EV: 10    Int: 19    God:    Cheibriados [**....]
Gold:   369        SH:  7    Dex: 27    Spells: 8/8 levels left

rFire   . . .      SeeInvis .    a - +0 long sword (spect)
rCold   . . .      Faith    .    c - +0 buckler
rNeg    . . .      Spirit   .    b - +0 scale mail
rPois   .          Reflect  .    n - +2 helmet
rElec   .          Rampage  .    (no cloak)
rCorr   .                        (no gloves)
Will    .....                    (no boots)
Stlth   +                        r - amulet of the acrobat
HPRegen 0.32/turn                f - +6 ring of dexterity
MPRegen 0.11/turn                (no ring)

@: lethally poisoned (-3 -> -16), very slow
A: amphibious, slowness 1, strong legs 1, +LOS, clever 1, sturdy frame 1
a: Hop, Renounce Religion, Bend Time


You were on level 7 of the Dungeon.
You worshipped Cheibriados.
Cheibriados was pleased with you.
You visited 1 branch of the dungeon, and saw 7 of its levels.
You also visited: Ossuary.

You collected 369 gold pieces.

Inventory:

Hand Weapons
 a - a +0 spectral long sword (weapon)
Armour
 b - a +0 scale mail (worn)
 c - a +0 buckler (worn)
 i - a +0 cloak
 n - a +2 helmet (worn)
Jewellery
 f - a +6 ring of dexterity (left hand)
 q - a ring of fire
 r - an amulet of the acrobat (around neck)
Wands
 h - a wand of polymorph (7)
 p - a wand of flame (23)
Scrolls
 k - 9 scrolls of teleportation
 m - a scroll of noise {unknown}
 t - 2 scrolls of torment {unknown}
 w - a scroll of enchant armour
Potions
 d - a potion of might
 e - 2 potions of resistance
 g - a potion of ambrosia
 j - a potion of lignification {unknown}
 l - 4 potions of mutation
 o - a potion of haste
 s - 4 potions of brilliance
 v - 2 potions of attraction


   Skills:
 + Level 7.8 Fighting
 + Level 7.3 Long Blades
 + Level 7.9 Armour
 + Level 7.1 Shields
 - Level 5.0 Evocations


You had 8 spell levels left.
You didn't know any spells.
Your spell library contained the following spells:

 Spells                   Type           Power      Damage    Failure   Level
 Cigotuvi's Dreadful Rot  Necr/Pois/Air  0%         N/A       54%         2
 Ensorcelled Hibernation  Hex/Ice        0%         N/A       54%         2
 Passwall                 Tmut/Erth      0%         N/A       54%         2
 Sublimation of Blood     Necr           0%         N/A       54%         2
 Wereblood                Tmut           0%         N/A       54%         2
 Swiftness                Air            0%         N/A       78%         3
 Dispel Undead            Necr           0%         3d6       99%         4
 Petrify                  Tmut/Erth      0%         N/A       99%         4
 Irradiate                Conj/Tmut      0%         3d11      100%        5
 Death Channel            Necr           0%         N/A       100%        6
 Summon Hydra             Summ           0%         N/A       100%        7


Dungeon Overview and Level Annotations

Branches:
Dungeon (7/15)             Temple (0/1) D:7         Ossuary (visited)

Altars:
Cheibriados
Nemelex Xobeh
Vehumet
Wu Jian
Yredelemnul
Zin

Annotations:
D:5 2 runed translucent doors, Crazy Yiuf; greasedhog's ghost, novice GrSu


Innate Abilities, Weirdness & Mutations

You are amphibious.
You cover ground slowly.
You can hop short distances.
You have an extended range of vision and can be seen from far away.
Your mind is acute. (Int +4, Str/Dex -1)
Your movements are slightly less encumbered by armour. (ER -2)


Message History

Things that are here:
a +0 giant club; an ogre corpse You feel better.
You block the killer bee's attack.
The killer bee stings you but does no damage.
The killer bee stings you. x2; You block the killer bee's attack.
The killer bee stings you.
* * * LOW HITPOINT WARNING * * *
You closely miss the killer bee.
The killer bee is severely wounded.
You block the killer bee's attack. The killer bee completely misses you.
You block the killer bee's attack.
The killer bee stings you but does no damage. x2
The killer bee stings you.
* * * LOW HITPOINT WARNING * * *
You hit the killer bee.
The killer bee is severely wounded.
The killer bee barely misses you. The killer bee stings you.
* * * LOW HITPOINT WARNING * * *
You are poisoned.
The killer bee poisons you!
The killer bee stings you but does no damage.
The killer bee closely misses you. You block the killer bee's attack.
The killer bee stings you but does no damage.
You hit the killer bee.
The killer bee is almost dead.
You feel sick. You block the killer bee's attack.
The killer bee barely misses you. You block the killer bee's attack.
The killer bee stings you.
* * * LOW HITPOINT WARNING * * *
The killer bee stings you but does no damage.
The killer bee stings you.
* * * LOW HITPOINT WARNING * * *
You completely miss the killer bee.
The killer bee is almost dead.
You feel sick. You block the killer bee's attack. The killer bee stings you.
* * * LOW HITPOINT WARNING * * *
You are more poisoned.
The killer bee poisons you! You block the killer bee's attack.
The killer bee stings you.
You die...

#.# ##### ##. #.#
#.. #.# #.# #.# #.#
#.###### ###.##
.......#### #....##
#.####....####....#
...########.['.y..#
....# #.#'.#@.#
...## #[.'.yy##
#.## ####.#### #.#
##..†')$# #.#
#..#.'#:# #'##
#....'!$# ...##
#.##.#### ....##
#.##.# .....#
##.##.#


You could see 3 killer bees.

Vanquished Creatures
  Prince Ribbit (D:5)
  Grinder (D:5)
  A wyvern (D:7)
  An ogre (D:7)
  2 phantoms (D:3)
  2 elf zombies (Ossuary)
  A bullfrog (D:7)
  A scorpion (D:4)
  8 wights (D:7)
  4 killer bees (D:7)
  An orc priest (D:5)
  2 gnoll boudas
  6 hounds
  3 jellies
  2 human zombies (Ossuary)
  An iguana (D:4)
  4 orc wizards
  A hound zombie (Ossuary)
  4 mummies (Ossuary)
  8 gnolls
  4 adders
  A shadow imp (D:6)
  3 white imps
  An ufetubus (D:4)
  3 worms
  3 dart slugs (D:2)
  20 orcs
  5 bats
  9 endoplasms
  6 giant cockroaches
  8 goblins
  6 hobgoblins
  5 jackals
  9 kobolds
  4 quokkas
  12 ball pythons
  2 frilled lizards
  A goblin zombie (Ossuary)
  2 hobgoblin zombies (Ossuary)
  A jackal zombie (Ossuary)
  2 kobold zombies (Ossuary)
  3 rats
  A rat zombie (Ossuary)
165 creatures vanquished.

Vanquished Creatures (others)
  4 plants (D:4)
4 creatures vanquished.

Grand Total: 169 creatures vanquished

Notes
Turn   | Place    | Note
-------+----------+-------------------------------------------
     0 | D:1      | cforsyth the Barachi Fighter began the quest for the Orb.
     0 | D:1      | Reached XP level 1. HP: 18/18 MP: 1/1
   132 | D:1      | Reached XP level 2. HP: 25/25 MP: 2/2
   792 | D:2      | Reached XP level 3. HP: 30/30 MP: 3/3
  1151 | D:2      | Reached XP level 4. HP: 33/37 MP: 4/4
  1303 | D:2      | Reached skill level 1 in Evocations
  1733 | D:3      | Found a faded altar of an unknown god.
  1752 | D:3      | Reached XP level 5. HP: 39/43 MP: 5/5
  2068 | D:3      | Found a radiant altar of Vehumet.
  2097 | D:3      | Found an ornate altar of the Wu Jian Council.
  2183 | D:3      | Found a sparkling altar of Nemelex Xobeh.
  2544 | D:4      | Found a basalt altar of Yredelemnul.
  2556 | D:4      | Reached XP level 6. HP: 12/50 MP: 6/6
  2697 | D:3      | Reached skill level 5 in Armour
  2821 | D:3      | Reached skill level 5 in Fighting
  3339 | D:3      | HP: 1/51 [poisoned by an orc wizard]
  3343 | D:3      | Gained mutation: Your mind is acute. (Int +4, Str/Dex -1)
                  | [potion of mutation]
  3343 | D:3      | Gained mutation: Your movements are slightly less
                  | encumbered by armour. (ER -2) [potion of mutation]
  3573 | D:3      | Reached XP level 7. HP: 39/56 MP: 7/7
  3946 | D:4      | Found a snail-covered altar of Cheibriados.
  3962 | D:4      | Became a worshipper of Cheibriados the Contemplative
  4214 | D:4      | Reached skill level 5 in Shields
  4748 | D:5      | Entered Level 5 of the Dungeon
  4748 | D:5      | Noticed Grinder
  4760 | D:5      | Killed Grinder
  4761 | D:5      | Reached skill level 5 in Long Blades
  4761 | D:5      | Reached XP level 8. HP: 64/64 MP: 8/8
  4928 | D:5      | Noticed Prince Ribbit
  4946 | D:5      | HP: 1/64 [Prince Ribbit (11)]
  4951 | D:5      | Killed Prince Ribbit
  5308 | D:4      | Reached * piety under Cheibriados
  5545 | D:5      | Found a runed translucent door.
  5546 | D:5      | Noticed greasedhog's ghost (novice GrSu)
  5669 | D:5      | Found a runed translucent door.
  5670 | D:5      | Noticed Crazy Yiuf
  6220 | D:7      | Reached ** piety under Cheibriados
  6249 | D:7      | Found a staircase to the Ecumenical Temple.
  6354 | D:7      | Reached skill level 5 in Evocations
  6354 | D:7      | Reached XP level 9. HP: 69/71 MP: 9/9
  6380 | D:7      | Found a sand-covered staircase.
  6385 | Ossuary  | Entered an ossuary
  7075 | D:7      | Found a glowing silver altar of Zin.
  7481 | D:7      | HP: 3/74 [killer bee (6)]
  7481 | D:7      | Slain by a killer bee

Illustrated notes

Levels and vault maps discovered:
D:1:      evilmike_arrival_hilbert_curve, layout_basic, minmay_tromino_v4_c
D:2:      minmay_chambers_of_twos, layout_rooms, serial_bayou_pond_d,
          cheibrodos_gnoll_hut
D:3:      layout_basic, mainiacjoe_overflow_alcove_2,
          mainiacjoe_overflow_two_lobes, ebering_ecumenical_altar_abandoned
D:4:      layout_rooms, mainiacjoe_overflow_small_starburst,
          lemuel_crystal_altar, serial_bayou_lagoon_b
D:5:      layout_basic, ebering_ghost_inner_flame,
          nicolae_concentric_dashed_squares_mild, uniq_grinder,
          uniq_prince_ribbit1, uniq_crazy_yiuf_cottage
D:6:      nicolae_cairo_tiling_large_dashed, layout_cave_pools,
          grunt_dithmenos_smoke_and_mirrors, nicolae_overflow_crystal_walls,
          kennysheep_path_1
D:7:      layout_loops_corners, mainiacjoe_overflow_boulevard,
          minmay_temple_entry_junction, nicolae_ossuary_entry_false_entrances,
          hangedman_abyss_or_decor_stagger, chequers_serial_rivers_micro_a,
          eino_jars

Skill      XL: |  1  2  3  4  5  6  7  8  9 |
---------------+----------------------------+-----
Armour         | 4 5 6 7 |  7.9
Fighting       | 4 5 6 7 |  7.8
Long Blades    | 3 4 5 6 7 |  7.3
Evocations     | 1 2 3 5 |  5.0
Shields        | 4 5 6 7 |  7.1

Action                     |  1- 3 |  4- 6 |  7- 9 || total
---------------------------+-------+-------+-------++-------
  Melee: Long sword        |   118 |   191 |   342 ||   651
  Evoke: Wand              |       |       |     8 ||     8
    Use: Potion            |       |     5 |     4 ||     9
         Scroll            |       |       |     8 ||     8
   Stab: Distracted        |       |       |     1 ||     1
 Armour: Scale mail        |    66 |    94 |   229 ||   389
  Dodge: Dodged            |    55 |    88 |   256 ||   399
  Block: Buckler           |    15 |    53 |   152 ||   220

Table legend: (Time is in decaauts)
 A = Elapsed time spent in this place.
 B = Non-inter-level travel time spent in this place.
 C = Inter-level travel time spent in this place.
 D = Time resting spent in this place.
 E = Time spent auto-exploring this place.
 F = Levels seen in this place.
 G = Mean time per level.
                   A        B        C        D        E       F      G
               +--------+--------+--------+--------+--------+-----+--------+
         Total |   9318 |   9161 |    157 |   2005 |   4981 |   8 | 1164.8 |
       Dungeon |   8987 |   8830 |    157 |   2005 |   4920 |   7 | 1283.9 |
       Ossuary |    331 |    331 |      0 |      0 |     61 |   1 |  331.0 |
               +--------+--------+--------+--------+--------+-----+--------+

Top non-repeatable levels by time:
     D:3: 2341 daAuts
     D:7: 1844 daAuts
     D:5: 1399 daAuts
     D:4: 1389 daAuts
     D:1: 1080 daAuts
     D:2: 763 daAuts
 Ossuary: 331 daAuts
     D:6: 168 daAuts
